 Dungeon Crawl Stone Soup version 0.22.0-1-g6561e4c (console) character file.

1394554 removed the Slayer (level 27, 190/190 HPs)
             Began as a Kobold Venom Mage on Aug 12, 2018.
             Was the Champion of Vehumet.
             Escaped with the Orb
             ... and 3 runes!
             The game lasted 05:28:42 (116689 turns).

removed the Slayer (Kobold Venom Mage)            Turns: 116689, Time: 05:28:43

Health: 190/190    AC: 10    Str: 13    XL:     27
Magic:  40/45      EV: 54    Int: 26    God:    Vehumet [******]
Gold:   3597       SH: 11    Dex: 26    Spells: 2/63 levels left

rFire    + + .     SeeInvis .   a - +9 demon whip (pain)
rCold    + + .     Gourm    .   v - +3 buckler {rC+ rF+}
rNeg     . . .     Faith    .   t - +2 robe {Archmagi}
rPois    .         Spirit   .   R - +2 hat {MR+}
rElec    .         Reflect  .   u - scarf {rC+ rF+}
rCorr    .         Harm     .   F - +0 pair of fencer's gloves {+Riposte Dex+3}
MR       ++++.                  U - +2 pair of boots {run}
Stlth    ++........             B - amulet "Kolugiko" {Acrobat Str+2 Slay+5}
HPRegen  0.41/turn              e - +5 ring of evasion
MPRegen  0.29/turn              O - +6 ring of evasion

@: mighty, agile, drained, deflect missiles, quick
A: small, horns 1, carnivore, magic resistance 1, MP-powered wands
0: Orb of Zot
}: 3/15 runes: decaying, serpentine, silver
a: Renounce Religion


You escaped.
You worshipped Vehumet.
Vehumet was exalted by your worship.
You were not hungry.

You visited 11 branches of the dungeon, and saw 53 of its levels.
You visited the Abyss 1 time.
You also visited: Labyrinth, Trove, Sewer, Ossuary and Ice Cave.

You collected 10041 gold pieces.
You spent 6444 gold pieces at shops.

Inventory:

Hand Weapons
 a - a +9 demon whip of pain (weapon)
 b - a +9 eveningstar of holy wrath
Missiles
 i - 2 throwing nets (quivered)
Armour
 p - a +2 helmet of see invisible
 t - a +2 robe of the Archmagi (worn)
 u - a scarf of resistance (worn)
 v - a +3 buckler of resistance (worn)
 C - a +2 buckler of protection
 F - the +0 pair of fencer's gloves (worn) {+Riposte Dex+3}
   (You bought it in a shop on level 4 of the Vaults)

   It affects your dexterity (+3).
 R - a +2 hat of magic resistance (worn)
 U - a +2 pair of boots of running (worn)
Jewellery
 c - the amulet of the Four Winds {rN+ MR+++ Clar}
   (You took it off a tengu reaver on level 5 of the Vaults)

   [amulet of nothing]

   It protects you from negative energy.
   It affects your resistance to hostile enchantments.
   It protects you against confusion.
 e - a +5 ring of evasion (left hand)
 f - the ring "Wifil" {rF+ Str+2 Dex+3}
   (You took it off a deep elf death mage on level 3 of the Elven Halls)

   [ring of protection from fire]

   It affects your strength (+2).
   It affects your dexterity (+3).
   It protects you from fire.
 l - the ring of Demons {rElec Str+5 Int+4 Stlth+}
   (You took it off a vault sentinel on level 5 of the Vaults)

   [ring of stealth]

   It affects your strength (+5).
   It affects your intelligence (+4).
   It insulates you from electricity.
   It makes you more stealthy.
 B - the amulet "Kolugiko" (around neck) {Acrobat Str+2 Slay+5}
   (You took it off a deep elf demonologist on level 3 of the Elven Halls)

   [amulet of the acrobat]

   It helps you evade while moving and waiting.
   It affects your strength (+2).
   It affects your accuracy and damage with ranged weapons and melee attacks
   (+5).
 O - a +6 ring of evasion (right hand)
 V - the amulet "Hystrog" {Reflect rF+ SH+5}
   (You took it off a deep elf mage on level 5 of the Vaults)

   [amulet of reflection]

   It shields you and reflects attacks.
   It protects you from fire.
   It affects your SH (+5).
 X - an uncursed ring of see invisible
Wands
 d - a wand of digging (34)
 s - a wand of clouds (3)
 M - a wand of acid (21)
 W - a wand of iceblast (70)
Scrolls
 j - 3 scrolls of blinking
 q - 15 scrolls of identify
 w - 20 scrolls of teleportation
 A - a scroll of enchant armour
 G - 3 scrolls of enchant weapon
 L - 13 scrolls of fog
 N - 3 scrolls of fear
 P - 10 scrolls of remove curse
 Q - 3 scrolls of amnesia
 Y - 2 scrolls of holy word
Potions
 g - 3 potions of agility
 k - 6 potions of resistance
 n - 11 potions of heal wounds
 r - 10 potions of might
 x - a potion of mutation
 y - 5 potions of lignification
 z - 3 potions of brilliance
 D - 6 potions of magic
 H - 7 potions of cancellation
 I - 4 potions of flight
 J - a potion of berserk rage
 K - 16 potions of curing
 S - a potion of ambrosia
 Z - 3 potions of haste
Miscellaneous
 T - 4 phantom mirrors
Comestibles
 E - 102 rations


   Skills:
 - Level 24.0(23.5) Fighting
 - Level 16.0(15.6) Maces & Flails
 - Level 23.0(22.5) Dodging
 - Level 2.6(2.4) Stealth
 - Level 7.0(6.7) Shields
 - Level 18.6(18.2) Spellcasting
 - Level 14.0(13.6) Conjurations
 - Level 9.0(8.7) Charms
 + Level 8.9(8.5) Summonings
 - Level 19.0(18.6) Necromancy
 - Level 2.0(1.7) Translocations
 - Level 12.0(11.7) Ice Magic
 - Level 8.0(7.6) Air Magic
 - Level 6.0(5.7) Earth Magic
   Level 8.1(7.8) Poison Magic


You had 2 spell levels left.
You knew the following spells:

 Your Spells              Type           Power        Failure   Level  Hunger
a - Throw Icicle          Conj/Ice       #######.     1%          4    None
b - Iskenderun's Mystic   Conj           #######.     1%          4    None
c - Bolt of Cold          Conj/Ice       #######...   1%          6    ###....
f - Freezing Cloud        Conj/Ice/Air   #######...   1%          6    ###....
g - Agony                 Necr           ########     1%          5    None
h - Haunt                 Necr/Summ      #######...   6%          7    #####..
l - Blink                 Tloc           N/A          1%          2    None
o - Ozocubu's Armour      Chrm/Ice       #######.     1%          3    None
r - Deflect Missiles      Chrm/Air       #######...   11%         6    ###....
s - Swiftness             Chrm/Air       #######.     1%          2    None
u - Dispel Undead         Necr           ########     1%          5    None
v - Borgnjor's Vile Clut  Necr/Erth      #######...   1%          5    None
w - Iskenderun's Battles  Conj/Chrm      #######.     1%          5    None
A - Apportation           Tloc           #####.       1%          1    None

Your spell library contained the following spells:

 Spells                   Type           Power        Failure   Level  Hunger
 Cause Fear               Hex            #####.....   21%         4    None
 Magic Dart               Conj           ####         0%          1    None
 Fireball                 Conj/Fire      ######....   1%          5    None
 Conjure Flame            Conj/Fire      ######..     1%          3    None
 Lightning Bolt           Conj/Air       #######...   1%          5    None
 Bolt of Magma            Conj/Fire/Erth ######....   1%          5    None
 Slow                     Hex            #####...     3%          2    None
 Confuse                  Hex            #####...     6%          3    None
 Invisibility             Hex            #####...     97%         6    ###....
 Throw Frost              Conj/Ice       ######       0%          2    None
 Mephitic Cloud           Conj/Pois/Air  #######.     1%          3    None
 Ring of Flames           Chrm/Fire      ######....   96%         7    #####..
 Venom Bolt               Conj/Pois      #######...   1%          5    None
 Olgreb's Toxic Radiance  Pois           #######.     1%          4    None
 Death's Door             Chrm/Necr      #######...   43%         8    ######.
 Summon Small Mammal      Summ           ####         1%          1    None
 Bolt of Draining         Conj/Necr      ########..   1%          5    None
 Animate Dead             Necr           N/A          0%          4    None
 Pain                     Necr           ####         0%          1    None
 Animate Skeleton         Necr           N/A          0%          1    None
 Borgnjor's Revivificati  Necr           ########..   6%          8    ######.
 Freeze                   Ice            ####         0%          1    None
 Ozocubu's Refrigeration  Ice            #######...   1%          6    ###....
 Sticky Flame             Conj/Fire      ######..     1%          4    None
 Summon Ice Beast         Ice/Summ       #######.     1%          4    None
 Call Imp                 Summ           #######.     1%          2    None
 Sting                    Conj/Pois      ####         1%          1    None
 Sublimation of Blood     Necr           ########..   0%          2    None
 Tukima's Dance           Hex            #####...     6%          3    None
 Summon Demon             Summ           #######...   1%          5    None
 Corpse Rot               Necr           N/A          0%          2    None
 Iron Shot                Conj/Erth      #######...   1%          6    ###....
 Stone Arrow              Conj/Erth      ######       1%          3    None
 Shock                    Conj/Air       ####         1%          1    None
 Recall                   Summ/Tloc      N/A          1%          3    None
 Blade Hands              Tmut           #####.....   50%         5    None
 Ice Form                 Ice/Tmut       ######..     1%          4    None
 Dragon Form              Tmut           #####.....   100%        7    #####..
 Necromutation            Tmut/Necr      #######...   96%         8    ######.
 Death Channel            Necr           ########..   1%          6    ###....
 Airstrike                Air            #######...   1%          4    None
 Shadow Creatures         Summ           N/A          9%          6    ###....
 Confusing Touch          Hex            #####.       1%          1    None
 Flame Tongue             Conj/Fire      #####        1%          1    None
 Passwall                 Tmut/Erth      ######..     1%          2    None
 Ensorcelled Hibernation  Hex/Ice        ######       1%          2    None
 Metabolic Englaciation   Hex/Ice        ######....   4%          5    None
 Summon Butterflies       Summ           #######.     1%          1    None
 Static Discharge         Conj/Air       #######.     1%          3    None
 Corona                   Hex            #####..      1%          1    None
 Alistair's Intoxication  Tmut/Pois      ######..     11%         5    None
 Lee's Rapid Deconstruct  Erth           ######....   1%          5    None
 Sandblast                Erth           ######       1%          1    None
 Simulacrum               Ice/Necr       ########..   1%          6    ###....
 Excruciating Wounds      Chrm/Necr      #######...   1%          5    None
 Portal Projectile        Hex/Tloc       #####.       4%          3    None
 Petrify                  Tmut/Erth      ######..     6%          4    None
 Orb of Destruction       Conj           #######...   1%          7    #####..
 Leda's Liquefaction      Hex/Erth       ######....   6%          4    None
 Summon Hydra             Summ           #######...   45%         7    #####..
 Inner Flame              Hex/Fire       #####...     1%          3    None
 Aura of Abjuration       Summ           #######...   1%          5    None
 Fulminant Prism          Conj/Hex       ######....   1%          4    None
 Dazzling Spray           Conj/Hex       ######       1%          3    None
 Force Lance              Conj/Tloc      #######.     1%          4    None
 Searing Ray              Conj           ######       0%          2    None
 Summon Forest            Summ/Tloc      ######....   7%          5    None
 Summon Lightning Spire   Summ/Air       #######.     1%          4    None
 Summon Guardian Golem    Hex/Summ       ######..     1%          3    None
 Spellforged Servitor     Conj/Summ      #######...   4%          7    #####..
 Summon Mana Viper        Hex/Summ       ######..     10%         5    None
 Gell's Gravitas          Tloc           #####.....   2%          3    None
 Yara's Violent Unravell  Hex/Tmut       #####.....   16%         5    None
 Infestation              Necr           ########..   6%          8    ######.
 Lesser Beckoning         Tloc           #####.....   2%          3    None
 Poisonous Vapours        Pois/Air       ######       1%          2    None


Dungeon Overview and Level Annotations

Branches:
Dungeon (15/15)            Temple (1/1) D:7            Lair (6/6) D:8
  Swamp (4/4) Lair:3        Snake (4/4) Lair:4        Slime (0/5) Lair:6
    Orc (2/2) D:12            Elf (3/3) Orc:2        Vaults (5/5) D:14
  Crypt (3/3) Vaults:2       Tomb (0/3) Crypt:3      Depths (5/5) D:15
    Zot (5/5) Depths:5

Altars:
Ashenzari
Cheibriados
Dithmenos
Elyvilon
Fedhas
Gozag
Hepliaklqana
Kikubaaqudgha
Makhleb
Nemelex Xobeh
Okawaru
Qazlal
Ru
Sif Muna
Trog
Uskayaw
Vehumet
Wu Jian
Xom
Yredelemnul
Zin
The Shining One
Beogh
Jiyva
Lugonu

Shops:
D:5 **[   D:11 (   Orc:2 !*[(   Vaults:1 *   Vaults:4 [   Vaults:5 %?!!!%%%
Depths:1 }   Depths:5 [=[?

Portals:
Hell: Depths:1 Depths:2 Depths:3 Depths:4 Depths:5
Abyss: Depths:1 Depths:2 Depths:4
Pandemonium: Depths:1 Depths:3 Depths:4 Depths:5
Ziggurat: Depths:1

Annotations:
D:10 exclusion: downstairs
D:11 exclusion: door
Lair:1 exclusion: 2 downstairs
Lair:4 exclusion: downstairs
Lair:5 exclusion: downstairs
Swamp:1 exclusion: Roxanne, Roxanne
Depths:1 exclusions: 2 daevas and 2 more exclusions


Innate Abilities, Weirdness & Mutations

You are small and have problems with some larger weapons.
You are carnivorous and can eat meat at any time.
You have a pair of small horns on your head.
You are resistant to hostile enchantments. (MR+)
You expend magic power (3 MP) to strengthen your wands.


Message History

Vehumet accepts your kill.
No target in view!
(D) Dungeon (T) Temple (L) Lair (S) Swamp (P) Snake Pit (M) Slime Pits (O) Orcish Mines (E) Elven Halls (V) Vaults (C) Crypt (W) Tomb (U) Depths (H) Hell (Z) Zot
Where to? (Enter - D:1 @ (x,y), ? - help)
There is an open door here.
You feel agile all of a sudden.
You feel very mighty all of a sudden.
Okay, then.
Casting: Ozocubu's Armour (safe; 1% risk of failure)
Confirm with . or Enter, or press ? or * to list all spells.
You feel a surge of power!
You feel very safe from missiles.
There is a staircase leading out of the dungeon here.
Your +9 eveningstar of holy wrath stops glowing.
A searing pain shoots up your arm!
a - a +9 demon whip of pain (weapon)
There is a staircase leading out of the dungeon here.
You have escaped!

#### ####
##..##########@.##
#####
#....#......'....#
#.#.########
#....'......#....#
#..........#
##..##########..##
#.#.######.#
####8......8##'#
#.#........#
#..#.P.P....#..#
#.##########
#..#..P.P.P.#..#
#.#.........
#..#.....P..#..#
#.#.........
#.(#..P.....#..#
#.#.........


There were no monsters in sight!

Vanquished Creatures
  3 orbs of fire
  Mennas (Vaults:4)
  4 ancient liches
  Sojobo (Crypt:3)
  Vashnia (Snake:3)
  3 Killer Klowns
  A curse toe (Zot:5)
  3 caustic shrikes (Depths:2)
  12 golden dragons
  Jory (Crypt:3)
  A profane servitor (Crypt:3)
  7 liches
  2 bone dragons
  The ghost of Duilyg the Executioner, an adept MiBe of Trog (Swamp:2)
  2 electric golems (Zot:5)
  Rupert (Lair:4)
  9 tentacled monstrosities
  5 titans
  22 Orb Guardians (Zot:5)
  3 deep elf master archers
  4 deep elf blademasters (Elf:3)
  3 quicksilver dragons
  An Executioner (Depths:5)
  6 death cobs
  An ancient champion (Crypt:3)
  2 tentacled starspawn (Abyss:3)
  Kirke (D:12)
  3 thorn hunters (Swamp:4)
  Agnes (Snake:2)
  7 sphinxes
  2 shadow dragons
  16 tengu reavers
  12 storm dragons
  2 draconian monks
  4 revenants
  3 draconian knights
  5 fire giants
  The ghost of Eqorig the Brawler, a journeyman TrMo of Makhleb (Swamp:4)
  8 nagarajas (Snake:4)
  7 deep elf sorcerers
  3 draconian scorchers (Zot:4)
  9 frost giants
  2 iron dragons (Vaults:5)
  The ghost of Ciodoseo the Warrior, an adept GrFi of Qazlal (Snake:2)
  13 vault wardens
  An orc warlord (Orc:2)
  2 ghost moths
  4 draconian stormcallers (Zot:4)
  2 draconian shifters
  7 ghouls
  A juggernaut zombie (Depths:2)
  4 deep elf elementalists
  14 ironheart preservers
  2 draconian annihilators
  A spriggan defender (Depths:2)
  4 war gargoyles
  20 very ugly things
  16 stone giants
  A caustic shrike skeleton (Depths:2)
  The ghost of Gergoth the Geomancer, a journeyman GrEE of Vehumet (Swamp:1)
  2 green draconians
  10 vampire knights
  9 deep elf demonologists
  5 white draconians
  7 red draconians
  3 black draconians
  8 deep elf annihilators
  4 purple draconians
  5 spark wasps (Depths:4)
  A minotaur (Lab)
  The ghost of Maveoll the Slicer, a journeyman SpCK of Xom (D:14)
  3 yellow draconians
  20 ettins
  A merfolk javelineer (Depths:3)
  3 eidola (Crypt:1)
  Josephine (D:12)
  7 deep elf death magi
  A blizzard demon (Depths:1)
  17 yaktaur captains
  An ettin (shapeshifter) (Depths:2)
  12 fire dragons
  11 deep elf high priests
  15 great orbs of eyes
  A hell beast (Depths:3)
  16 ice dragons
  19 jiangshi
  Fannar (Lair:3)
  10 naga warriors
  6 rakshasas
  A caustic shrike simulacrum (Depths:3)
  5 spriggan air magi
  23 hydras
  12 centaur warriors
  A ghost crab (Swamp:4)
  40 vault guards
  A catoblepas (D:15)
  8 death knights
  34 two-headed ogres
  9 alligators
  24 dancing weapons
  A death yak (Lair:3)
  Erica (D:8)
  25 anacondas
  9 deep troll earth magi
  14 naga sharpshooters
  6 spriggan berserkers
  19 ogre magi
  10 deep troll shamans
  8 tengu warriors
  A thrashing horror (Abyss:3)
  Urug (Lair:4)
  10 vampire magi
  A sun demon (Depths:3)
  7 shock serpents
  17 deep elf knights
  Nergalle (Lair:4)
  A soul eater (Depths:1)
  5 shadow wraiths
  5 iron trolls
  A storm dragon zombie (Crypt:2)
  29 skeletal warriors
  A fire crab (shapeshifter) (Elf:1)
  28 deep trolls
  4 hell knights
  9 swamp dragons
  A glowing orange brain (shapeshifter) (Depths:1)
  10 unseen horrors
  The ghost of dysrexia the Carver, a novice VSBe of Trog (D:9)
  11 glowing orange brains
  2 salamander mystics
  8 flayed ghosts
  5 spriggan druids
  8 ironbrand convokers
  15 deep elf archers
  10 wizards
  A lindwurm (shapeshifter) (Depths:2)
  4 lindwurms
  A shambling mangrove (Swamp:3)
  18 orc knights
  A spectral wolf spider (Crypt:3)
  10 naga ritualists
  A golden dragon skeleton (Crypt:2)
  8 mana vipers
  A harpy (shapeshifter) (Depths:1)
  A tengu zombie (Depths:3)
  71 deep elf magi
  5 necromancers
  4 phantasmal warriors
  A salamander (shapeshifter) (Depths:4)
  A shadow dragon skeleton (Vaults:5)
  3 orc sorcerers
  A harpy (Vaults:3)
  59 ugly things
  13 salamanders
  5 cyclopes
  A cyclops (shapeshifter) (Depths:1)
  2 manticores (shapeshifter)
  37 slime creatures
  5 manticores
  16 moths of wrath
  3 wolf spiders
  19 elephants
  Maurice (D:12)
  6 ice statues
  A centaur zombie (D:12)
  25 naga magi
  A fire giant skeleton (Vaults:5)
  19 vault sentinels
  18 eyes of devastation (Depths:3)
  2 guardian serpents (shapeshifter)
  A frost giant skeleton (Crypt:2)
  45 black mambas
  12 guardian serpents
  7 smoke demons
  32 spiny frogs
  2 gargoyles
  A swamp worm zombie (Crypt:1)
  18 freezing wraiths
  A rime drake (Lair:4)
  5 komodo dragons
  38 yaktaurs
  A kobold demonologist (D:14)
  A guardian mummy (D:15)
  A komodo dragon (shapeshifter) (Vaults:3)
  A pale draconian skeleton (Crypt:1)
  An ice devil (Depths:1)
  6 hellwings (Abyss:3)
  4 tengu conjurers
  A jumping spider (shapeshifter) (Depths:2)
  A meliai (shapeshifter) (D:15)
  3 meliai (Lair:4)
  A queen bee (shapeshifter) (Vaults:1)
  A queen bee (Lair:4)
  A red devil (Depths:3)
  19 tyrant leeches
  13 trolls
  A polar bear (Lair:6)
  11 bog bodies
  16 hornets
  A slime creature (shapeshifter) (D:15)
  2 blink frogs (shapeshifter)
  A tarantella zombie (Crypt:2)
  A shadow dragon simulacrum (Depths:3)
  5 dream sheep (Lair:5)
  33 blink frogs
  A meliai zombie (D:12)
  A hippogriff (shapeshifter) (Vaults:4)
  12 hippogriffs
  A human simulacrum (Vaults:1)
  A redback (shapeshifter) (D:15)
  47 flying skulls (Crypt:3)
  3 air elementals
  2 dire elephant simulacra (IceCv)
  A wyvern (shapeshifter) (Vaults:3)
  15 spriggans
  2 centaur simulacra
  A vampire (D:12)
  A ynoxinul (Abyss:3)
  A redback (Lab)
  7 water elementals
  4 shadows
  3 golden eyes (Depths:3)
  4 fire elementals
  11 wraiths
  6 wyverns
  2 hogs (shapeshifter)
  6 basilisks
  Sigmund (D:5)
  An ettin skeleton (Vaults:5)
  2 humans (D:14)
  30 yaks
  6 hogs
  A human (shapeshifter) (Vaults:1)
  The ghost of Anon1729 the Skirmisher, an amateur DsMo (D:4)
  5 chaos spawn
  A minotaur simulacrum (Crypt:3)
  6 large abominations
  7 small abominations
  5 hungry ghosts
  14 vampire mosquitoes
  5 harpy simulacra (IceCv)
  64 nagas
  7 insubstantial wisps
  An iron troll simulacrum (IceCv)
  7 wargs
  A glowing shapeshifter zombie (Crypt:2)
  6 two-headed ogre zombies (D:10)
  A hydra simulacrum (IceCv)
  21 swamp worms
  18 water moccasins
  11 porcupines
  A monstrous demonspawn skeleton (Crypt:1)
  11 hell hounds (Depths:5)
  12 swamp drakes
  An eye of draining (D:10)
  43 orc warriors
  2 water nymph skeletons (Crypt:2)
  12 ice beasts
  3 sky beasts
  5 necrophages
  A wolf (Lair:4)
  10 centaurs
  51 ogres
  10 boggarts
  5 phantoms
  21 crocodiles
  3 big kobolds
  22 bullfrogs
  A bullfrog (shapeshifter) (Vaults:3)
  A glowing shapeshifter simulacrum (Depths:3)
  2 deep troll simulacra
  A yaktaur skeleton (Crypt:2)
  A wyvern skeleton (Crypt:2)
  33 killer bees
  20 wights
  2 howler monkeys
  5 electric eels
  4 bullfrog zombies
  12 crimson imps
  A human zombie (Ossuary)
  2 quasits
  A wolf skeleton (Crypt:1)
  A hound (shapeshifter) (Vaults:5)
  6 centaur skeletons
  22 orc priests
  4 bullfrog skeletons
  8 hounds
  2 iron imps
  4 jellies
  2 gnoll shamans
  A basilisk skeleton (Crypt:2)
  6 iguanas
  Ijyb (D:2)
  Natasha (thrice) (D:2)
  34 orc wizards
  9 worker ants
  A hell rat (Lair:4)
  2 big kobold zombies (Ossuary)
  An acid dragon skeleton (Crypt:1)
  2 mummies (Ossuary)
  A hound zombie (D:8)
  An ogre skeleton (Crypt:2)
  2 hound skeletons
  A howler monkey zombie (D:7)
  A worker ant zombie (D:8)
  11 gnolls
  A howler monkey skeleton (D:4)
  12 adders
  3 river rats
  2 shadow imps
  3 white imps
  3 ufetubi
  4 adder zombies
  5 worms
  A worm (shapeshifter) (D:15)
  4 dart slugs
  7 leopard geckos
  130 orcs
  10 giant cockroaches
  4 gnoll zombies (Ossuary)
  6 hobgoblins
  7 jackals
  4 quokkas
  4 ball pythons
  7 bats
  10 frilled lizards
  2 frilled lizard skeletons
  A giant cockroach zombie (Crypt:1)
  10 goblins
  2 goblin zombies (Ossuary)
  2 hobgoblin zombies (Ossuary)
  3 jackal skeletons
  19 kobolds
  3 orc zombies (Ossuary)
  9 rats
  A rat zombie (Crypt:2)
  2 briar patches (Swamp:4)
  3 starspawn tentacles (Abyss:3)
2639 creatures vanquished.

Vanquished Creatures (collateral kills)
  An ettin (Depths:1)
  A yaktaur captain (Depths:1)
  A hell knight (Depths:1)
3 creatures vanquished.

Vanquished Creatures (others)
  A nagaraja (Snake:4)
  An ogre mage (Depths:2)
  A vault guard (Vaults:1)
  A shadow wraith (Crypt:3)
  A wizard (Vaults:1)
  2 deep elf archers
  A deep elf mage (Elf:3)
  A vault sentinel (Vaults:1)
  2 yaktaurs
  An ogre (Vaults:1)
  2 orcs
  16 fungi
  56 plants
  7 starspawn tentacles (Abyss:3)
93 creatures vanquished.

Grand Total: 2735 creatures vanquished

Notes
Turn   | Place    | Note
-------+----------+-------------------------------------------
     0 | D:1      | removed the Kobold Venom Mage began the quest for the Orb.
     0 | D:1      | Reached XP level 1. HP: 10/10 MP: 3/3
   493 | D:1      | Reached XP level 2. HP: 10/15 MP: 0/5
   593 | D:1      | Learned a level 2 spell: Poisonous Vapours
  1392 | D:2      | Reached XP level 3. HP: 17/19 MP: 2/6
  1512 | D:2      | Found a shattered altar of Ashenzari.
  1574 | D:2      | Found a sacrificial altar of Ru.
  1728 | D:2      | Learned a level 3 spell: Mephitic Cloud
  1880 | D:2      | Noticed Natasha
  1885 | D:2      | Killed Natasha
  1885 | D:2      | Reached XP level 4. HP: 24/24 MP: 0/7
  2194 | D:2      | Noticed Ijyb
  2651 | D:3      | Reached XP level 5. HP: 21/28 MP: 0/8
  2656 | D:3      | Found a glowing drain.
  2686 | Sewer    | Entered a sewer
  3307 | D:3      | Reached skill level 5 in Poison Magic
  3401 | D:2      | Noticed Natasha
  3408 | D:2      | Killed Natasha
  3408 | D:2      | Reached XP level 6. HP: 27/32 MP: 1/10
  4345 | D:4      | Found a runed gate.
  4345 | D:4      | Found a runed gate.
  4345 | D:4      | Found a runed gate.
  4345 | D:4      | Noticed Anon1729's ghost (amateur DsMo)
  4382 | D:4      | Found a sand-covered staircase.
  4396 | Ossuary  | Entered an ossuary
  4563 | Ossuary  | Reached skill level 1 in Fighting
  4974 | Ossuary  | Reached skill level 2 in Fighting
  5593 | D:4      | Reached XP level 7. HP: 40/40 MP: 3/11
  5915 | D:4      | Found an iron altar of Okawaru.
  6181 | D:5      | Entered Level 5 of the Dungeon
  6838 | D:5      | Found Guopteha's General Store.
  6839 | D:5      | Found Jevolir's Armour Emporium.
  7006 | D:5      | Found Likoc's Assorted Antiques.
  7041 | D:5      | Noticed Sigmund
  7147 | D:5      | Found a bloodstained altar of Trog.
  7247 | D:5      | Reached XP level 8. HP: 44/44 MP: 0/14
  7562 | D:5      | Killed Sigmund
  7562 | D:5      | Reached skill level 5 in Conjurations
  7576 | D:5      | Found Guopteha's General Store.
  7579 | D:5      | Found Jevolir's Armour Emporium.
  8495 | D:6      | Found a stormy altar of Qazlal.
  8718 | D:6      | Found a snail-covered altar of Cheibriados.
  8863 | D:6      | Got a translucent cloak
  9390 | D:6      | Reached skill level 3 in Fighting
  9743 | D:6      | Found a hide-covered altar of Uskayaw.
  9942 | D:7      | Found a staircase to the Ecumenical Temple.
  9948 | Temple   | Entered the Ecumenical Temple
 10204 | D:6      | Reached skill level 5 in Spellcasting
 10204 | D:6      | Reached XP level 9. HP: 50/50 MP: 15/17
 10983 | D:7      | Reached skill level 5 in Dodging
 12286 | D:2      | Killed Ijyb
 12452 | D:2      | Noticed Natasha
 12458 | D:2      | Killed Natasha
 12648 | D:2      | Found a shattered altar of Ashenzari.
 12711 | D:2      | Found a sacrificial altar of Ru.
 13600 | D:8      | Found a shadowy altar of Dithmenos.
 13817 | D:8      | Reached skill level 4 in Fighting
 14030 | D:8      | Identified the cursed +0 cloak "Cazoixach" {Str-5 Int+3} (You found it on level 6 of the Dungeon)
 14201 | D:8      | Learned a level 5 spell: Venom Bolt
 14224 | D:8      | Noticed a komodo dragon
 14303 | D:8      | Reached XP level 10. HP: 56/56 MP: 0/19
 14305 | D:8      | Killed a komodo dragon
 15116 | D:8      | Found a staircase to the Lair.
 15346 | D:9      | Noticed Erica
 15363 | D:8      | Killed Erica
 16051 | D:8      | Reached skill level 5 in Fighting
 16526 | D:9      | Reached skill level 6 in Fighting
 16782 | D:9      | Found a runed gate.
 16783 | D:9      | Found a runed gate.
 16785 | D:9      | Found a runed gate.
 16809 | D:9      | Found a burning altar of Makhleb.
 16810 | D:9      | Found a radiant altar of Vehumet.
 16817 | D:9      | Became a worshipper of Vehumet
 16843 | D:9      | Noticed a manticore
 16940 | D:9      | Killed a manticore
 16940 | D:9      | Reached XP level 11. HP: 63/64 MP: 5/22
 17075 | D:9      | Noticed dysrexia's ghost (novice VSBe)
 17137 | D:10     | Entered Level 10 of the Dungeon
 17652 | D:10     | Learned a level 2 spell: Searing Ray
 17657 | D:10     | Learned a level 4 spell: Iskenderun's Mystic Blast
 18556 | D:10     | Reached skill level 10 in Conjurations
 19242 | D:11     | Noticed a cyan ugly thing
 19331 | Lair:1   | Entered Level 1 of the Lair of Beasts
 19491 | Lair:1   | Reached * piety under Vehumet
 19491 | Lair:1   | Offered knowledge of Shock by Vehumet.
 21030 | Lair:1   | Reached XP level 12. HP: 49/71 MP: 11/25
 21173 | Lair:1   | Noticed a five-headed hydra
 21174 | Lair:2   | Noticed an eight-headed hydra
 21231 | Lair:1   | Killed a five-headed hydra
 21231 | Lair:1   | Reached skill level 7 in Fighting
 21587 | Lair:2   | Reached skill level 8 in Fighting
 22295 | Lair:2   | Reached skill level 10 in Dodging
 23162 | Lair:2   | Killed an eight-headed hydra
 23162 | Lair:2   | Offered knowledge of Sandblast by Vehumet.
 23213 | Lair:2   | Reached ** piety under Vehumet
 23775 | Lair:2   | Found the +8 whip "Snakebite" {curare, rPois}
 24051 | Lair:3   | Noticed Fannar
 24203 | Lair:3   | Got a pitted flail
 24231 | Lair:3   | Found a staircase to the Swamp.
 25018 | Lair:4   | Reached XP level 13. HP: 78/78 MP: 12/26
 25296 | Lair:3   | Identified the +3 flail of Hard Scrabble {freeze, *Corrode MR+ Int+4 SInv} (You found it on level 3 of the Lair of Beasts)
 25755 | Lair:4   | Found a staircase to the Snake Pit.
 25862 | Lair:4   | Got a blackened rapier
 25899 | Lair:4   | Reached skill level 9 in Fighting
 25981 | Lair:4   | Noticed Nergalle
 26033 | Lair:3   | Offered knowledge of Throw Frost by Vehumet.
 26259 | Lair:4   | Reached *** piety under Vehumet
 26648 | Lair:4   | Noticed Urug
 26648 | Lair:4   | Noticed Rupert
 26722 | Lair:4   | Killed Urug
 27005 | Lair:4   | Killed Nergalle
 27142 | Lair:4   | Reached skill level 10 in Spellcasting
 27302 | Lair:4   | Offered knowledge of Stone Arrow by Vehumet.
 27361 | Lair:4   | Noticed a seven-headed hydra
 28133 | Lair:4   | Killed a seven-headed hydra
 28133 | Lair:4   | Reached skill level 10 in Fighting
 28275 | Lair:4   | Noticed an eight-headed hydra
 28698 | Lair:5   | Noticed a four-headed hydra
 28718 | Lair:5   | Noticed an eight-headed hydra
 28927 | Lair:5   | Reached skill level 11 in Fighting
 29011 | Lair:5   | Reached XP level 14. HP: 90/90 MP: 22/28
 29238 | Lair:5   | Reached **** piety under Vehumet
 29788 | Lair:6   | Entered Level 6 of the Lair of Beasts
 29885 | Lair:6   | Offered knowledge of Throw Icicle by Vehumet.
 29899 | Lair:6   | Learned a level 4 spell: Throw Icicle
 29911 | Lair:6   | Reached skill level 1 in Ice Magic
 30076 | Lair:6   | Found a labyrinth entrance.
 30085 | Lab      | Entered a labyrinth
 30597 | Lab      | Noticed a minotaur
 30614 | Lab      | Killed a minotaur
 30614 | Lab      | Reached skill level 5 in Ice Magic
 30630 | Lab      | Got a scintillating lapis lazuli ring
 30652 | Lab      | Identified the ring "Giphif" {Wiz rPois rN+ Dex-3} (You found it in a labyrinth)
 31897 | Lair:6   | Reached ***** piety under Vehumet
 31984 | Lair:6   | Offered knowledge of Bolt of Draining by Vehumet.
 32308 | Lair:6   | Reached XP level 15. HP: 94/94 MP: 12/29
 32920 | Lair:6   | Found a viscous altar of Jiyva.
 32920 | Lair:6   | Found a staircase to the Slime Pits.
 33010 | Lair:6   | Found a hide-covered altar of Uskayaw.
 33161 | Lair:6   | Identified the cursed +2 rapier "Targhasu" {freeze, Dex+2} (You found it on level 4 of the Lair of Beasts)
 33696 | D:11     | Noticed a storm dragon
 34091 | D:11     | Found Quleupoh's Antique Weapon Emporium.
 34426 | D:11     | Bought a runed demon whip for 450 gold pieces
 34437 | D:11     | Learned a level 5 spell: Bolt of Draining
 34526 | D:12     | Reached skill level 1 in Maces & Flails
 35202 | D:12     | Noticed Josephine
 35211 | D:12     | Killed Josephine
 35211 | D:12     | Offered knowledge of Spellforged Servitor by Vehumet.
 35325 | D:12     | Found a staircase to the Orcish Mines.
 35567 | D:12     | Noticed Maurice
 35569 | D:12     | Killed Maurice
 35743 | D:12     | Noticed Kirke
 36048 | D:12     | Killed Kirke
 36048 | D:12     | Reached skill level 5 in Maces & Flails
 36302 | Orc:1    | Entered Level 1 of the Orcish Mines
 36371 | Orc:1    | Found a roughly hewn altar of Beogh.
 36673 | Orc:2    | Entered Level 2 of the Orcish Mines
 36830 | Orc:2    | Found Woceink's Distillery.
 37587 | Orc:2    | Reached XP level 16. HP: 100/100 MP: 10/31
 38641 | Orc:2    | Found Daclih Vaew's Antique Armour Boutique.
 38656 | Orc:2    | Found Nuovig's Weapon Shoppe.
 38666 | Orc:2    | Found Risubbeo's General Store.
 38668 | Orc:2    | Offered knowledge of Orb of Destruction by Vehumet.
 38861 | Orc:2    | Found a staircase to the Elven Halls.
 39447 | D:13     | Reached skill level 10 in Maces & Flails
 40944 | D:14     | Found a gate to the Vaults.
 41515 | D:14     | Found a runed gate.
 41515 | D:14     | Found a runed gate.
 41516 | D:14     | Found a runed gate.
 41518 | D:14     | Noticed Maveoll's ghost (journeyman SpCK)
 41553 | D:14     | Killed Maveoll's ghost
 42283 | Orc:2    | Bought a glowing robe for 125 gold pieces
 42549 | D:5      | Bought a +2 cloak for 214 gold pieces
 42759 | D:15     | Entered Level 15 of the Dungeon
 42762 | D:15     | Reached skill level 1 in Necromancy
 43208 | D:15     | Offered knowledge of Lightning Bolt by Vehumet.
 43330 | D:15     | Reached XP level 17. HP: 77/104 MP: 1/32
 43511 | D:15     | Found a hide-covered altar of Uskayaw.
 43589 | D:15     | Reached skill level 5 in Necromancy
 43974 | D:15     | Found a bloodstained altar of Trog.
 44624 | D:15     | Learned a level 5 spell: Iskenderun's Battlesphere
 44648 | D:15     | Reached skill level 1 in Charms
 44745 | D:15     | Found a portal to a secret trove of treasure.
 44955 | D:15     | Found a staircase to the Depths.
 45249 | Snake:1  | Entered Level 1 of the Snake Pit
 45329 | Snake:1  | Reached skill level 1 in Shields
 45397 | Snake:1  | Learned a level 6 spell: Freezing Cloud
 45809 | Snake:1  | Offered knowledge of Ozocubu's Refrigeration by Vehumet.
 46338 | Snake:2  | Learned a level 6 spell: Ozocubu's Refrigeration
 46510 | Snake:2  | Found a runed door.
 46513 | Snake:2  | Noticed Ciodoseo's ghost (adept GrFi)
 47133 | Snake:2  | Reached skill level 5 in Shields
 48005 | Snake:3  | Noticed Agnes
 48040 | Snake:3  | HP: 2/104 [naga/dire flail (9)]
 48073 | Snake:1  | HP: 7/156 [anaconda (3)]
 48801 | Elf:1    | Entered Level 1 of the Elven Halls
 49051 | Elf:1    | Reached skill level 1 in Air Magic
 49054 | Elf:1    | Reached XP level 18. HP: 87/110 MP: 2/34
 49139 | Elf:1    | Offered knowledge of Bolt of Cold by Vehumet.
 49785 | Elf:1    | Reached skill level 12 in Fighting
 50815 | Elf:1    | Identified the Collected Works on Attacks
 51520 | Elf:2    | Reached skill level 10 in Necromancy
 51642 | Elf:2    | Found a runed gate.
 51642 | Elf:2    | Found a runed gate.
 51643 | Elf:2    | Found a runed gate.
 52494 | Swamp:1  | Entered Level 1 of the Swamp
 52545 | Swamp:1  | Found a shadowy altar of Dithmenos.
 52687 | Swamp:1  | Noticed Roxanne
 52710 | Swamp:1  | Found a frozen archway.
 52721 | IceCv    | Entered an ice cave
 54212 | Swamp:1  | Found a runed door.
 54213 | Swamp:1  | Found a shimmering altar of Xom.
 54213 | Swamp:1  | Noticed Gergoth's ghost (journeyman GrEE)
 54236 | Swamp:1  | Identified Abezarush's Collected Works on Heat
 54623 | Swamp:2  | Offered knowledge of Bolt of Fire by Vehumet.
 54717 | Swamp:2  | Reached skill level 13 in Fighting
 54932 | Swamp:2  | Reached XP level 19. HP: 99/119 MP: 7/35
 55566 | Swamp:2  | Found a runed door.
 55567 | Swamp:2  | Noticed Duilyg's ghost (adept MiBe)
 55899 | Lair:3   | Killed Fannar
 56089 | D:9      | Killed dysrexia's ghost
 56327 | D:4      | Killed Anon1729's ghost
 56797 | Swamp:3  | Reached skill level 15 in Dodging
 57559 | Swamp:3  | Reached ****** piety under Vehumet
 58168 | Swamp:4  | Entered Level 4 of the Swamp
 58198 | Swamp:4  | Offered knowledge of Lehudib's Crystal Spear by Vehumet.
 58198 | Swamp:4  | Offered knowledge of Glaciate by Vehumet.
 58198 | Swamp:4  | Offered knowledge of Chain Lightning by Vehumet.
 58428 | Swamp:4  | Reached skill level 14 in Fighting
 59902 | Swamp:4  | Found a runed door.
 59902 | Swamp:4  | Found a shimmering altar of Xom.
 59902 | Swamp:4  | Noticed Eqorig's ghost (journeyman TrMo)
 59997 | Swamp:4  | Got a crude robe
 59998 | Swamp:4  | Identified the +1 robe of the Queen {SInv} (You found it on level 4 of the Swamp)
 60255 | Swamp:4  | Got a decaying rune of Zot
 60839 | Vaults:1 | Entered Level 1 of the Vaults
 61636 | Vaults:1 | Reached XP level 20. HP: 128/128 MP: 9/36
 61788 | Vaults:1 | Reached skill level 15 in Fighting
 62764 | Vaults:1 | Reached skill level 16 in Fighting
 63852 | Vaults:1 | Found Miga's General Store.
 65397 | Vaults:2 | Found a staircase to the Crypt.
 65423 | Vaults:2 | Reached XP level 21. HP: 73/136 MP: 0/38
 66882 | Vaults:3 | Got a translucent rapier
 67037 | Vaults:3 | Identified a scroll of acquirement
 67583 | Vaults:3 | Got a smoking arbalest
 68579 | Vaults:4 | Noticed Mennas
 68605 | Vaults:4 | Killed Mennas
 69080 | Vaults:4 | Learned a level 2 spell: Blink
 69228 | Vaults:4 | Reached skill level 1 in Translocations
 70460 | Vaults:4 | Reached XP level 22. HP: 144/144 MP: 40/40
 70478 | Vaults:4 | Reached skill level 17 in Fighting
 70486 | Vaults:4 | Found Mef Zoosoiq's Armour Shoppe.
 70517 | Vaults:4 | Bought the +0 pair of fencer's gloves {+Riposte Dex+3} for 640 gold pieces
 70517 | Vaults:4 | Found the +0 pair of fencer's gloves {+Riposte Dex+3}
 70528 | Vaults:4 | Bought a scarf of resistance for 512 gold pieces
 71298 | Snake:2  | Killed Agnes
 71834 | Snake:3  | Noticed Vashnia
 71898 | Snake:3  | Killed Vashnia
 72235 | Snake:3  | Reached skill level 18 in Fighting
 72467 | Snake:3  | Found the +2 Maxwell's thermic engine {flame, freeze}
 72993 | Snake:4  | Entered Level 4 of the Snake Pit
 73508 | Snake:4  | Learned a level 3 spell: Ozocubu's Armour
 74094 | Snake:4  | Reached skill level 15 in Spellcasting
 75040 | Snake:4  | Reached skill level 10 in Ice Magic
 75598 | Snake:4  | Reached XP level 23. HP: 121/152 MP: 36/42
 75725 | Snake:4  | Reached skill level 5 in Charms
 76660 | Snake:4  | Got a serpentine rune of Zot
 78565 | Elf:3    | Entered Level 3 of the Elven Halls
 79015 | Elf:3    | Cast into level 3 of the Abyss (a deep elf sorcerer)
 79497 | Abyss:3  | Learned a level 1 spell: Apportation
 79519 | Elf:3    | Escaped the Abyss
 80396 | Elf:3    | Got a warped quick blade {drain}
 81173 | Elf:3    | Identified the +4 quick blade "Jopid" {drain, rPois rF++ Str+7} (You took it off a deep elf elementalist on level 3 of the Elven Halls)
 81568 | Elf:3    | Reached XP level 24. HP: 157/157 MP: 22/42
 81652 | Elf:3    | Got a scorched long sword {slice}
 81652 | Elf:3    | Got a fine platinum ring
 81661 | Elf:3    | Got a scintillating jade ring
 81917 | Elf:3    | Identified the ring of Paehycs {*Tele MR++} (You took it off a deep elf elementalist on level 3 of the Elven Halls)
 81920 | Elf:3    | Identified the ring "Wifil" {rF+ Str+2 Dex+3} (You took it off a deep elf death mage on level 3 of the Elven Halls)
 81942 | Elf:3    | Got a transparent robe
 81955 | Elf:3    | Identified the +1 robe "Cozown" {Str+2 Int+5 Dex-5} (You took it off a deep elf mage on level 3 of the Elven Halls)
 81957 | Elf:3    | Got a scorched golden ring
 81959 | Elf:3    | Identified the ring of Beluint {+Fly Int-2 Dex+10} (You took it off a deep elf high priest on level 3 of the Elven Halls)
 82065 | Elf:3    | Got a twitching zirconium amulet
 82067 | Elf:3    | Identified the amulet "Kolugiko" {Acrobat Str+2 Slay+5} (You took it off a deep elf demonologist on level 3 of the Elven Halls)
 82128 | Elf:3    | Identified Ybi Exa's Tome of Displaced Calling
 82157 | Elf:3    | Identified the Catalogue of Beguiling
 82169 | Elf:3    | Got a pair of ichor-stained gloves
 82180 | Elf:3    | Identified the +0 pair of gloves of the King of the Hill {+Fly rN++ MR+ Int+2} (You found it on level 3 of the Elven Halls)
 82697 | Vaults:4 | Bought a +1 robe of the Archmagi for 523 gold pieces
 83118 | Depths:1 | Entered Level 1 of the Depths
 83916 | Depths:1 | Found a gateway to Hell.
 84586 | Depths:1 | Found a gateway to a ziggurat.
 84818 | Depths:1 | Found a one-way gate to the infinite horrors of the Abyss.
 84997 | Depths:1 | Found a stormy altar of Qazlal.
 85003 | Depths:1 | Found a one-way gate leading to the halls of Pandemonium.
 85190 | Depths:1 | Found Jaukeih's Gadget Shop.
 85702 | Orc:2    | Bought a potion of heal wounds for 80 gold pieces
 85702 | Orc:2    | Bought a potion of heal wounds for 80 gold pieces
 85702 | Orc:2    | Bought a potion of resistance for 160 gold pieces
 85702 | Orc:2    | Bought a potion of might for 64 gold pieces
 86032 | Crypt:1  | Entered Level 1 of the Crypt
 88010 | Crypt:1  | Reached skill level 15 in Maces & Flails
 88807 | Crypt:2  | Reached XP level 25. HP: 163/163 MP: 43/43
 89292 | Crypt:3  | Entered Level 3 of the Crypt
 89789 | Crypt:3  | Found a basalt altar of Yredelemnul.
 90523 | Crypt:3  | Noticed Sojobo
 90556 | Crypt:3  | Killed Sojobo
 90859 | Crypt:3  | Reached skill level 19 in Fighting
 92087 | Crypt:3  | Noticed Jory
 92168 | Crypt:3  | Killed Jory
 92296 | Crypt:3  | Found a staircase to the Tomb.
 92319 | Crypt:3  | Identified the Tome of Bewitchment
 92354 | Crypt:3  | Reached skill level 20 in Fighting
 92439 | Crypt:3  | Identified a +2 pair of boots of running (You found it on level 3 of the Crypt)
 93364 | Snake:2  | Killed Ciodoseo's ghost
 93595 | Lair:4   | Killed Rupert
 93785 | Swamp:1  | Killed Gergoth's ghost
 93903 | Swamp:2  | Killed Duilyg's ghost
 94099 | Swamp:2  | Got a transparent spear {flame}
 94217 | Swamp:4  | Killed Eqorig's ghost
 94655 | Depths:2 | Paralysed by the power of Zot for 2 turns
 95331 | Depths:1 | Reached XP level 26. HP: 143/174 MP: 43/43
 95822 | Depths:2 | Identified the Catalogue of Destructive Malediction
 95844 | Depths:2 | Learned a level 6 spell: Bolt of Cold
 96509 | Depths:2 | Got a brightly glowing falchion {slice}
 97474 | Depths:2 | Learned a level 2 spell: Swiftness
 99683 | Depths:3 | Reached skill level 21 in Fighting
 99867 | Depths:3 | Reached XP level 27. HP: 182/182 MP: 43/43
101302 | Depths:4 | Reached skill level 22 in Fighting
102509 | Depths:4 | Learned a level 5 spell: Dispel Undead
102514 | Depths:4 | Learned a level 4 spell: Summon Lightning Spire
102521 | Depths:4 | Learned a level 5 spell: Agony
102703 | Depths:4 | Found a corrupted altar of Lugonu.
102988 | Depths:5 | Entered Level 5 of the Depths
103395 | Depths:5 | Reached skill level 15 in Necromancy
103616 | Depths:5 | Found Voaloy's Antique Armour Shop.
103621 | Depths:5 | Found Toutisis's Armour Boutique.
103621 | Depths:5 | Found Cyajaun's Jewellery Shop.
103714 | Depths:5 | Found Geazoo's Magic Scroll Boutique.
103720 | Depths:5 | Bought a scroll of blinking for 180 gold pieces
103720 | Depths:5 | Bought a scroll of enchant weapon for 180 gold pieces
103728 | Depths:5 | Bought an embroidered robe for 173 gold pieces
104184 | Depths:5 | Found a gate to the Realm of Zot.
105392 | Vaults:5 | Entered Level 5 of the Vaults
106685 | Vaults:5 | Noticed an ancient lich
106695 | Vaults:5 | Killed an ancient lich
106695 | Vaults:5 | Reached skill level 23 in Fighting
107212 | Vaults:5 | Learned a level 5 spell: Borgnjor's Vile Clutch
107471 | Vaults:5 | Got a vibrating zirconium amulet
107477 | Vaults:5 | Identified the amulet "Zed Xuwo" {rElec Regen+ MP-9 Str+6} (You took it off a yaktaur captain on level 5 of the Vaults)
107479 | Vaults:5 | Got a twitching amber ring
107480 | Vaults:5 | Identified the ring of Demons {rElec Str+5 Int+4 Stlth+} (You took it off a vault sentinel on level 5 of the Vaults)
107914 | Vaults:5 | Reached skill level 24 in Fighting
108202 | Vaults:5 | Found Luphuenk's Distillery.
108202 | Vaults:5 | Found Ylulus's Magic Scroll Shoppe.
108280 | Vaults:5 | Found Ciama's Food Boutique.
108420 | Vaults:5 | Got a bound bronze ring
108430 | Vaults:5 | Found Lazogyho's Distillery.
108430 | Vaults:5 | Found Uvaumape's Distillery.
108571 | Vaults:5 | Reached skill level 1 in Earth Magic
108674 | Vaults:5 | Identified the ring "Poapeiry" {MP+9 Int+3 Dex+4} (You took it off a vault warden on level 5 of the Vaults)
108679 | Vaults:5 | Got a coiled bronze amulet
108680 | Vaults:5 | Identified the amulet "Hystrog" {Reflect rF+ SH+5} (You took it off a deep elf mage on level 5 of the Vaults)
109000 | Vaults:5 | Reached skill level 5 in Earth Magic
109005 | Vaults:5 | Found Joecvif's Food Boutique.
109255 | Vaults:5 | Found Baemu's Food Shop.
109255 | Vaults:5 | Found Joocw's Food Emporium.
109319 | Vaults:5 | Found Noutogusa's Food Shoppe.
109340 | Vaults:5 | Identified the Almanac of Twisted Transmigration
109382 | Vaults:5 | Identified Sif Muna's Guide on the Gliding Arsonist
109951 | Vaults:5 | Got a silver rune of Zot
109990 | Vaults:5 | Bought a scroll of acquirement for 1040 gold pieces
109990 | Vaults:5 | Bought a scroll of blinking for 150 gold pieces
109999 | Vaults:5 | Bought a potion of heal wounds for 90 gold pieces
109999 | Vaults:5 | Bought a potion of agility for 72 gold pieces
110017 | Vaults:5 | Bought a potion of resistance for 120 gold pieces
110017 | Vaults:5 | Bought a potion of mutation for 96 gold pieces
110017 | Vaults:5 | Bought a potion of might for 48 gold pieces
110017 | Vaults:5 | Bought a potion of resistance for 120 gold pieces
110017 | Vaults:5 | Bought a potion of heal wounds for 60 gold pieces
110017 | Vaults:5 | Bought a potion of might for 48 gold pieces
110017 | Vaults:5 | Bought a potion of haste for 120 gold pieces
110024 | Vaults:5 | Bought a potion of heal wounds for 80 gold pieces
110024 | Vaults:5 | Bought a potion of mutation for 128 gold pieces
110024 | Vaults:5 | Bought 2 potions of heal wounds for 160 gold pieces
110084 | Vaults:5 | Bought a potion of curing for 48 gold pieces
110086 | Vaults:5 | Bought a potion of cancellation for 128 gold pieces
110342 | D:15     | You paid a toll of 2 scrolls of acquirement to enter a treasure trove
110343 | Trove    | Entered a treasure trove
110368 | Trove    | Got a flickering jade ring
110377 | Trove    | Got a brightly glowing plate armour
110380 | Trove    | Identified the ring "Cadir" {Ice SInv} (You found it in a treasure trove)
110382 | Trove    | Identified the +2 plate armour "Wutotagh" {+Fly Int+2} (You found it in a treasure trove)
110548 | Orc:2    | Bought a glowing helmet for 255 gold pieces
111141 | Vaults:5 | Bought a scroll of enchant armour for 150 gold pieces
111141 | Vaults:5 | Bought a scroll of blinking for 150 gold pieces
111453 | Zot:1    | Entered Level 1 of the Realm of Zot
111776 | Zot:2    | Noticed an orb of fire
111801 | Zot:2    | Killed an orb of fire
112178 | Zot:2    | Reached skill level 5 in Air Magic
112908 | Zot:3    | Learned a level 6 spell: Deflect Missiles
114192 | Zot:5    | Entered Level 5 of the Realm of Zot
114399 | Zot:5    | Noticed an ancient lich
114405 | Zot:5    | Killed an ancient lich
114487 | Zot:5    | Noticed an ancient lich
114572 | Zot:5    | Killed an ancient lich
115492 | Zot:5    | Noticed an orb of fire
115493 | Zot:5    | Learned a level 7 spell: Haunt
115495 | Zot:5    | Gained mutation: You are frail. (-10% HP) [an orb of fire]
115500 | Zot:5    | Noticed an orb of fire
115500 | Zot:5    | Gained mutation: Scrolls take you a little longer to read. [an orb of fire]
115518 | Zot:5    | Gained mutation: You are occasionally teleported next to monsters. [an orb of fire]
115537 | Zot:5    | Killed an orb of fire
115543 | Zot:5    | Gained mutation: Potions are less effective at restoring your health. [an orb of fire]
115551 | Zot:5    | Killed an orb of fire
115552 | Zot:5    | Lost mutation: Scrolls take you a little longer to read. [potion of mutation]
115552 | Zot:5    | Lost mutation: You are frail. (-10% HP) [potion of mutation]
115552 | Zot:5    | Gained mutation: You do not regenerate when monsters are visible. [potion of mutation]
115552 | Zot:5    | Gained mutation: You are frail. (-10% HP) [potion of mutation]
115552 | Zot:5    | Gained mutation: You have a pair of small horns on your head. [potion of mutation]
115553 | Zot:5    | Lost mutation: You are frail. (-10% HP) [potion of mutation]
115553 | Zot:5    | Lost mutation: You have a pair of small horns on your head. [potion of mutation]
115553 | Zot:5    | Lost mutation: You do not regenerate when monsters are visible. [potion of mutation]
115553 | Zot:5    | Lost mutation: Potions are less effective at restoring your health. [potion of mutation]
115553 | Zot:5    | Gained mutation: You are partially covered in thin metallic scales. (AC +2) [potion of mutation]
115553 | Zot:5    | Gained mutation: You are frail. (-10% HP) [potion of mutation]
115553 | Zot:5    | Gained mutation: You expend magic power (3 MP) to strengthen your wands. [potion of mutation]
115554 | Zot:5    | Lost mutation: You are frail. (-10% HP) [potion of mutation]
115554 | Zot:5    | Lost mutation: You are occasionally teleported next to monsters. [potion of mutation]
115554 | Zot:5    | Lost mutation: You are partially covered in thin metallic scales. (AC +2) [potion of mutation]
115554 | Zot:5    | Gained mutation: You are resistant to hostile enchantments. (MR+) [potion of mutation]
115554 | Zot:5    | Gained mutation: You have a pair of small horns on your head. [potion of mutation]
115793 | Zot:5    | Reached skill level 5 in Summonings
115899 | Zot:5    | Noticed an orb of fire
116010 | Zot:5    | Got the Orb of Zot
116013 | Zot:5    | Noticed an ancient lich
116013 | Zot:5    | Noticed an ancient lich
116016 | Zot:5    | Killed an ancient lich
116560 | D:3      | Noticed a seraph
116689 | D:$      | Escaped with the Orb!

Skill      XL: |  1  2  3  4  5  6  7  8  9 10 11 12 13 14 15 16 17 18 19 20 21 22 23 24 25 26 27 |
---------------+----------------------------------------------------------------------------------+-----
Conjurations   | 2 3 4 5 7 8 11 13 14 | 14.0
Poison Magic   | 4 5 6 7 8 |  8.1
Spellcasting   | 3 4 5 6 7 9 10 11 12 13 14 15 16 18 | 18.6
Fighting       | 2 3 4 6 8 11 13 14 16 18 20 21 24 | 24.0
Dodging        | 3 4 7 8 12 13 14 17 19 20 21 22 23 | 23.0
Ice Magic      | 8 10 12 | 12.0
Maces & Flails | 8 12 15 16 | 16.0
Necromancy     | 4 7 10 11 12 14 19 | 19.0
Charms         | 2 4 6 9 |  9.0
Shields        | 7 |  7.0
Air Magic      | 1 2 8 |  8.0
Translocations | 2 |  2.0
Earth Magic    | 6 |  6.0
Summonings     | 8 |  8.9
Stealth        | |  2.6

Action                   |  1- 3 |  4- 6 |  7- 9 | 10-12 | 13-15 | 16-18 | 19-21 | 22-24 | 25-27 || total
-------------------------+-------+-------+-------+-------+-------+-------+-------+-------+-------++-------
Melee: Dagger            |    27 |   248 |   300 |    15 |       |       |       |       |       ||   590
       Unarmed           |     3 |       |       |       |       |       |       |       |       ||     3
       Trident           |       |       |   507 |       |       |       |       |       |       ||   507
       Broad axe         |       |       |    25 |     9 |       |       |       |       |       ||    34
       Scimitar          |       |       |       |   139 |       |       |       |       |       ||   139
       Whip              |       |       |       |    10 |   122 |       |       |       |       ||   132
       Demon whip        |       |       |       |       |    31 |   171 |  1109 |  1029 |  2081 ||  4421
       Staff             |       |       |       |       |     3 |     5 |       |       |       ||     8
       Eveningstar       |       |       |       |       |       |       |       |   236 |   911 ||  1147
       Headbutt          |       |       |       |       |       |       |       |       |    25 ||    25
 Cast: Sting             |    50 |   114 |   143 |    54 |    12 |     1 |     1 |       |       ||   375
       Poisonous Vapours |     1 |    12 |    83 |   179 |   215 |     3 |       |       |       ||   493
       Mephitic Cloud    |       |       |    14 |     4 |    15 |       |       |       |       ||    33
       Venom Bolt        |       |       |       |    36 |    77 |    48 |   103 |    44 |     5 ||   313
       Searing Ray       |       |       |       |    39 |    22 |       |       |       |       ||    61
       Iskenderun's Myst |       |       |       |    33 |    38 |    60 |    47 |    18 |    53 ||   249
       Throw Icicle      |       |       |       |       |   422 |   651 |   283 |   169 |    30 ||  1555
       Iskenderun's Batt |       |       |       |       |       |    85 |    82 |    46 |    21 ||   234
       Freezing Cloud    |       |       |       |       |       |    12 |    47 |    97 |    40 ||   196
       Blink             |       |       |       |       |       |       |     3 |     5 |     9 ||    17
       Ozocubu's Armour  |       |       |       |       |       |       |       |    43 |   103 ||   146
       Apportation       |       |       |       |       |       |       |       |     1 |     1 ||     2
       Bolt of Cold      |       |       |       |       |       |       |       |       |   160 ||   160
       Dispel Undead     |       |       |       |       |       |       |       |       |    41 ||    41
       Borgnjor's Vile C |       |       |       |       |       |       |       |       |     8 ||     8
       Agony             |       |       |       |       |       |       |       |       |     5 ||     5
       Deflect Missiles  |       |       |       |       |       |       |       |       |     2 ||     2
Evoke: Wand              |       |       |     1 |     6 |    10 |     2 |     2 |     5 |    15 ||    41
       Sack of spiders   |       |       |       |     2 |       |       |       |       |       ||     2
  Use: Scroll            |       |     8 |     7 |    11 |    13 |    11 |     8 |    17 |    32 ||   107
       Potion            |       |     2 |     3 |     4 |     5 |     7 |     7 |     7 |    22 ||    57
 Stab: Invisible         |       |     1 |       |       |       |       |       |       |       ||     1
       Sleeping          |       |       |     3 |     4 |       |     1 |     2 |     5 |     4 ||    19
       Distracted        |       |       |     2 |       |     1 |       |       |     1 |     7 ||    11
       Confused          |       |       |     1 |       |       |       |       |       |       ||     1
       Paralysed         |       |       |       |       |       |     2 |     5 |       |       ||     7
  Eat: Chunk             |    12 |    10 |    39 |    38 |    57 |    70 |    72 |    61 |   100 ||   459
       Ration            |       |       |       |       |       |       |       |     2 |     6 ||     8
Armor: Robe              |    10 |    27 |   156 |    36 |    50 |    58 |    53 |    67 |   174 ||   631
       Skin              |       |       |    20 |    14 |     4 |     7 |    26 |       |       ||    71
Dodge: Dodged            |    28 |   142 |   618 |   277 |   550 |   418 |   667 |  1188 |  2471 ||  6359
       Deflected         |       |       |       |       |       |       |       |       |    17 ||    17
Block: Other             |       |       |     3 |    95 |     3 |       |       |       |       ||   101
       Reflection        |       |       |       |     1 |       |    15 |    29 |    48 |       ||    93
       Buckler           |       |       |       |       |       |    69 |   513 |   634 |   880 ||  2096
       Rpst.: Scimitar   |       |       |       |    58 |       |       |       |       |       ||    58
       Demon whip        |       |       |       |       |       |       |       |   123 |   297 ||   420
       Eveningstar       |       |       |       |       |       |       |       |    58 |   142 ||   200
